[ AOE2 MATCH · #479573553 ]
UnrankedSaracens vs Vikings
[ REPLAY ANALYSIS · EXTRACTED FROM THE RECORDED GAME ]
Feudal
14:57
Castle
18:40
Imperial
—
| APM avg | 24.0 |
| APM peak | 80 |
| eAPM avg | 17.8 |
| Villagers / military | 47 / 7 |
Focus
⚔️ 36.0% · 🌾 64.0%
Fishing Ship ×8 · Archer ×7 · Unknown (2626) ×1
Feudal
14:06
Castle
18:21
Imperial
—
| APM avg | 31.9 |
| APM peak | 69 |
| eAPM avg | 14.4 |
| Villagers / military | 49 / 14 |
Focus
⚔️ 28.4% · 🌾 71.6%
Skirmisher ×8 · Fishing Ship ×8 · Archer ×5 · Mangonel ×1
Feudal
12:19
Castle
16:40
Imperial
—
| APM avg | 28.7 |
| APM peak | 56 |
| eAPM avg | 16.2 |
| Villagers / military | 32 / 17 |
Focus
⚔️ 32.4% · 🌾 67.6%
Warrior Priest ×17 · Fishing Ship ×12
Feudal
13:22
Castle
17:06
Imperial
—
| APM avg | 31.5 |
| APM peak | 82 |
| eAPM avg | 16.4 |
| Villagers / military | 60 / 2 |
Focus
⚔️ 19.3% · 🌾 80.7%
Fishing Ship ×5 · Monk ×2
Feudal
14:49
Castle
18:47
Imperial
—
| APM avg | 54.6 |
| APM peak | 75 |
| eAPM avg | 28.7 |
| Villagers / military | 61 / 22 |
Focus
⚔️ 13.6% · 🌾 86.4%
Fishing Ship ×19 · Knight ×17 · Monk ×4 · Demolition Raft ×1
Feudal
14:05
Castle
18:38
Imperial
—
| APM avg | 26.0 |
| APM peak | 63 |
| eAPM avg | 11.1 |
| Villagers / military | 50 / 5 |
Focus
⚔️ 19.8% · 🌾 80.2%
Fishing Ship ×10 · War Wagon ×4 · Iron Pagoda ×1
Feudal
13:02
Castle
16:35
Imperial
—
| APM avg | 31.8 |
| APM peak | 66 |
| eAPM avg | 13.6 |
| Villagers / military | 48 / 8 |
Focus
⚔️ 18.1% · 🌾 81.9%
Fishing Ship ×13 · Conquistador ×7 · Unknown (2626) ×2 · Mangonel ×1
Feudal
14:47
Castle
23:23
Imperial
—
| APM avg | 21.8 |
| APM peak | 51 |
| eAPM avg | 9.9 |
| Villagers / military | 41 / 10 |
Focus
⚔️ 19.4% · 🌾 80.6%
Spearman ×9 · Fishing Ship ×7 · Transport Ship ×1
Match map
Initial resources + every placement click. Lines = walls · curves = elevation contours. ◆ gold · ⬟ stone · ● berries · ✦ relic · ◌ wall gap
Your base· Open — 5t gap
中國古拳法's base· Open — unwalled flank
[DOV] The_GothFather's base· Open — 2t gap
N1K's base· Open — 14t gap
上善若水's base· Open — 4t gap
上帝之鞭's base· Open — opponent sealed themselves in
alumin's base· Open — 6t gap
打到台北去 活捉赖清德's base· Open — 3t gap
Smoothed initial terrain · ◌ = detected wall gap · hover for details
Inputs per minute
— Signal&Command to me=mute&report - - 中國古拳法
Build order — Signal&Command to me=mute&report
108 actions detected in the replay
| 0:12 | Build | Town Center |
| 0:49 | Build | Dock |
| 0:56 | Build | House |
| 0:59 | Build | Palisade Wall |
| 1:03 | Build | Palisade Wall |
| 2:32 | Build | Palisade Wall |
| 2:55 | Create | Villager (Male) |
| 2:55 | Create | Villager (Male) |
| 2:57 | Create | Villager (Male) |
| 2:57 | Create | Villager (Male) |
| 2:57 | Create | Villager (Male) |
| 4:07 | Create | Villager (Male) |
| 4:08 | Create | Villager (Male) |
| 4:58 | Create | Villager (Male) |
| 4:58 | Create | Villager (Male) |
| 5:00 | Create | Fishing Ship |
| 5:33 | Create | Villager (Male) |
| 5:40 | Build | House |
| 6:02 | Create | Villager (Male) |
| 6:02 | Create | Villager (Male) |
| 6:07 | Build | House |
| 6:26 | Create | Villager (Male) |
| 6:27 | Create | Villager (Male) |
| 6:40 | Create | Fishing Ship |
| 6:55 | Create | Villager (Male) |
| 7:08 | Create | Villager (Male) |
| 7:09 | Create | Villager (Male) |
| 7:24 | Build | House |
| 7:34 | Create | Villager (Male) |
| 7:35 | Create | Villager (Male) |
| 7:36 | Build | House |
| 7:45 | Create | Fishing Ship |
| 7:58 | Create | Villager (Male) |
| 7:59 | Create | Villager (Male) |
| 8:31 | Create | Villager (Male) |
| 8:31 | Create | Villager (Male) |
| 8:33 | Create | Fishing Ship |
| 8:36 | Create | Villager (Male) |
| 9:06 | Create | Fishing Ship |
| 9:20 | Create | Villager (Male) |
| 9:38 | Build | House |
| 9:44 | Create | Villager (Male) |
| 9:52 | Create | Villager (Male) |
| 9:58 | Create | Villager (Male) |
| 10:12 | Create | Fishing Ship |
| 10:19 | Create | Villager (Male) |
| 10:44 | Create | Villager (Male) |
| 10:58 | Build | Dock |
| 11:33 | Build | Mining Camp |
| 11:41 | Build | House |
| 11:57 | Create | Villager (Male) |
| 11:59 | Research | Loom |
| 11:59 | Research | Feudal Age |
| 12:12 | Build | House |
| 12:32 | Build | House |
| 12:48 | Create | Fishing Ship |
| 12:49 | Create | Fishing Ship |
| 13:01 | Build | House |
| 13:03 | Build | House |
| 13:05 | Build | House |
| 13:12 | Build | Lumber Camp |
| 14:17 | Build | Mill |
| 14:24 | Create | Villager (Male) |
| 14:27 | Create | Villager (Male) |
| 14:57 | Age | Feudal Age |
| 15:01 | Build | Market |
| 15:04 | Build | Blacksmith |
| 15:47 | Build | House |
| 16:00 | Research | Castle Age |
| 16:00 | Research | Castle Age |
| 16:11 | Build | House |
| 16:13 | Build | House |
| 16:16 | Research | Double-Bit Axe |
| 16:32 | Build | Barracks |
| 16:44 | Research | Gold Mining |
| 16:44 | Research | Gold Mining |
| 16:56 | Research | Horse Collar |
| 17:11 | Research | Fletching |
| 17:28 | Create | Villager (Male) |
| 17:32 | Build | Archery Range |
| 17:56 | Create | Villager (Male) |
| 18:33 | Create | Archer |
| 18:37 | Create | Archer |
| 18:40 | Age | Castle Age |
| 18:43 | Build | Town Center |
| 18:52 | Research | Bodkin Arrow |
| 18:56 | Research | Bow Saw |
| 18:57 | Research | Bow Saw |
| 18:58 | Create | Villager (Male) |
| 19:26 | Research | Crossbowman (upgrade) |
| 19:26 | Research | Crossbowman (upgrade) |
| 19:36 | Create | Unit 2626 |
| 19:41 | Create | Villager (Male) |
| 19:46 | Create | Archer |
| 20:00 | Create | Villager (Male) |
| 20:03 | Create | Villager (Male) |
| 20:05 | Create | Archer |
| 20:16 | Create | Archer |
| 20:17 | Create | Archer |
| 20:17 | Create | Villager (Male) |
| 20:34 | Create | Archer |
| 21:03 | Create | Villager (Male) |
| 21:05 | Create | Villager (Male) |
| 21:27 | Create | Villager (Male) |
| 21:30 | Create | Villager (Male) |
| 21:36 | Create | Villager (Male) |
| 21:49 | Create | Villager (Male) |
| 22:03 | Create | Villager (Male) |
Build order — 中國古拳法
140 actions detected in the replay
| 0:13 | Build | Town Center |
| 1:17 | Build | Dock |
| 1:18 | Build | House |
| 2:35 | Create | Villager (Male) |
| 2:35 | Create | Villager (Male) |
| 2:35 | Create | Villager (Male) |
| 2:36 | Create | Villager (Male) |
| 2:36 | Create | Villager (Male) |
| 3:22 | Build | House |
| 3:58 | Create | Fishing Ship |
| 3:58 | Create | Fishing Ship |
| 4:12 | Build | House |
| 4:19 | Create | Villager (Male) |
| 4:19 | Create | Villager (Male) |
| 5:04 | Create | Villager (Male) |
| 5:04 | Create | Villager (Male) |
| 5:12 | Create | Fishing Ship |
| 5:41 | Create | Villager (Male) |
| 5:42 | Create | Villager (Male) |
| 5:54 | Create | Villager (Male) |
| 6:07 | Build | House |
| 6:25 | Create | Villager (Male) |
| 6:33 | Create | Fishing Ship |
| 6:51 | Create | Villager (Male) |
| 7:03 | Build | House |
| 7:04 | Create | Villager (Male) |
| 7:22 | Create | Villager (Male) |
| 7:22 | Create | Villager (Male) |
| 7:31 | Build | House |
| 7:38 | Create | Fishing Ship |
| 7:45 | Build | House |
| 8:08 | Build | Palisade Wall |
| 8:10 | Create | Villager (Male) |
| 8:18 | Create | Villager (Male) |
| 8:34 | Build | Palisade Wall |
| 8:35 | Create | Fishing Ship |
| 8:55 | Create | Villager (Male) |
| 9:01 | Build | House |
| 9:02 | Build | Palisade Wall |
| 9:03 | Build | Palisade Wall |
| 9:05 | Create | Villager (Male) |
| 9:26 | Build | Mill |
| 9:34 | Create | Villager (Male) |
| 9:43 | Create | Villager (Male) |
| 10:06 | Build | Palisade Wall |
| 10:14 | Build | House |
| 10:15 | Create | Villager (Male) |
| 10:34 | Build | Palisade Gate |
| 10:36 | Create | Villager (Male) |
| 10:42 | Research | Loom |
| 10:43 | Create | Fishing Ship |
| 10:51 | Build | Palisade Wall |
| 11:25 | Research | Feudal Age |
| 11:30 | Build | Mining Camp |
| 12:48 | Create | Villager (Male) |
| 13:12 | Create | Villager (Male) |
| 13:28 | Build | Lumber Camp |
| 13:48 | Create | Fishing Ship |
| 14:06 | Age | Feudal Age |
| 14:11 | Build | Market |
| 14:14 | Build | Blacksmith |
| 14:16 | Create | Villager (Male) |
| 14:31 | Research | Double-Bit Axe |
| 14:54 | Build | House |
| 15:06 | Create | Villager (Male) |
| 15:22 | Build | Barracks |
| 15:41 | Research | Castle Age |
| 15:41 | Research | Castle Age |
| 16:22 | Create | Villager (Male) |
| 16:25 | Build | Archery Range |
| 16:26 | Create | Villager (Male) |
| 16:35 | Build | House |
| 16:37 | Build | House |
| 16:38 | Build | House |
| 16:40 | Build | House |
| 16:40 | Build | House |
| 16:50 | Research | Fletching |
| 17:12 | Create | Archer |
| 17:12 | Create | Archer |
| 17:12 | Create | Archer |
| 17:22 | Research | Horse Collar |
| 17:45 | Create | Archer |
| 17:59 | Research | Padded Archer Armor |
| 18:21 | Age | Castle Age |
| 18:29 | Build | Town Center |
| 18:30 | Create | Villager (Male) |
| 18:50 | Create | Villager (Male) |
| 18:55 | Build | House |
| 19:02 | Create | Villager (Male) |
| 19:07 | Create | Archer |
| 19:10 | Research | Crossbowman (upgrade) |
| 19:20 | Build | Town Center |
| 19:30 | Research | Bow Saw |
| 19:50 | Create | Villager (Male) |
| 20:01 | Create | Villager (Male) |
| 20:06 | Research | Bodkin Arrow |
| 20:09 | Research | Elite Skirmisher (upgrade) |
| 20:50 | Build | Siege Workshop |
| 21:17 | Build | House |
| 21:20 | Build | House |
| 21:22 | Build | House |
| 21:23 | Create | Villager (Male) |
| 21:25 | Create | Villager (Male) |
| 21:26 | Create | Villager (Male) |
| 21:29 | Create | Villager (Male) |
| 21:32 | Create | Skirmisher |
| 21:32 | Create | Skirmisher |
| 21:32 | Create | Skirmisher |
| 21:32 | Create | Skirmisher |
| 21:41 | Create | Villager (Male) |
| 21:47 | Create | Villager (Male) |
| 21:47 | Create | Villager (Male) |
| 21:51 | Build | Farm |
| 21:54 | Build | Farm |
| 21:55 | Build | Farm |
| 22:03 | Create | Mangonel |
| 22:16 | Create | Villager (Male) |
| 22:17 | Create | Villager (Male) |
| 22:18 | Create | Villager (Male) |
| 22:21 | Build | Farm |
| 22:26 | Build | Farm |
| 22:33 | Create | Skirmisher |
| 22:33 | Create | Skirmisher |
| 22:42 | Build | Farm |
| 22:43 | Build | Farm |
| 22:54 | Create | Skirmisher |
| 22:55 | Create | Villager (Male) |
| 23:07 | Build | House |
| 23:09 | Build | House |
| 23:09 | Build | House |
| 23:12 | Build | House |
| 23:14 | Create | Villager (Male) |
| 23:22 | Create | Villager (Male) |
| 23:27 | Create | Skirmisher |
| 23:35 | Build | House |
| 23:37 | Build | House |
| 23:38 | Build | House |
| 23:50 | Build | Farm |
| 23:51 | Build | Farm |
| 23:53 | Research | Town Watch |
Build order — [DOV] The_GothFather
112 actions detected in the replay
| 0:05 | Build | Town Center |
| 0:38 | Build | Dock |
| 1:24 | Build | House |
| 2:30 | Create | Villager (Male) ×4 |
| 3:23 | Create | Villager (Male) |
| 3:48 | Create | Fishing Ship |
| 4:03 | Build | House |
| 4:18 | Build | House |
| 4:28 | Build | House |
| 4:45 | Create | Fishing Ship |
| 5:04 | Create | Villager (Male) |
| 5:07 | Build | House |
| 5:18 | Build | House |
| 5:31 | Research | Loom |
| 5:43 | Create | Fishing Ship |
| 5:47 | Create | Villager (Male) |
| 6:06 | Create | Villager (Male) |
| 6:11 | Build | House |
| 6:16 | Create | Villager (Male) |
| 6:39 | Create | Villager (Male) |
| 6:52 | Create | Villager (Male) |
| 6:59 | Create | Fishing Ship |
| 7:09 | Create | Villager (Male) |
| 7:29 | Build | House |
| 8:03 | Create | Fishing Ship |
| 8:25 | Create | Villager (Male) |
| 8:39 | Create | Villager (Male) |
| 8:43 | Build | Mule Cart |
| 8:54 | Create | Villager (Male) |
| 9:35 | Create | Villager (Male) |
| 9:42 | Create | Fishing Ship |
| 9:57 | Build | Dock |
| 10:09 | Research | Feudal Age |
| 10:09 | Research | Feudal Age |
| 10:20 | Build | Mule Cart |
| 11:01 | Build | House |
| 11:25 | Create | Villager (Male) |
| 11:25 | Create | Villager (Male) |
| 12:19 | Age | Feudal Age |
| 12:21 | Build | Stone Wall |
| 12:24 | Build | Mill |
| 12:26 | Build | Blacksmith |
| 12:32 | Create | Villager (Male) |
| 12:46 | Create | Villager (Male) |
| 12:58 | Build | Market |
| 14:00 | Research | Castle Age |
| 14:00 | Research | Castle Age |
| 14:57 | Build | House |
| 15:06 | Research | Scale Mail Armor |
| 15:41 | Research | Double-Bit Axe |
| 15:45 | Research | Gold Mining |
| 15:55 | Research | Town Watch |
| 16:00 | Create | Fishing Ship |
| 16:00 | Create | Fishing Ship |
| 16:06 | Research | Tech 906 |
| 16:10 | Research | Tech 906 |
| 16:13 | Research | Town Watch |
| 16:40 | Age | Castle Age |
| 16:42 | Build | Monastery |
| 16:56 | Create | Villager (Male) |
| 17:02 | Build | Monastery |
| 17:09 | Create | Warrior Priest |
| 17:09 | Create | Warrior Priest |
| 17:19 | Create | Villager (Male) |
| 17:30 | Create | Fishing Ship |
| 17:43 | Create | Warrior Priest |
| 17:48 | Research | Chain Mail Armor |
| 17:50 | Build | House |
| 17:53 | Build | House |
| 17:58 | Create | Warrior Priest |
| 17:58 | Create | Warrior Priest |
| 18:29 | Create | Warrior Priest |
| 18:35 | Research | Fletching |
| 18:48 | Build | Farm |
| 18:51 | Create | Fishing Ship |
| 18:52 | Create | Fishing Ship |
| 18:59 | Create | Warrior Priest |
| 19:01 | Create | Warrior Priest |
| 19:01 | Create | Warrior Priest |
| 19:05 | Create | Villager (Male) |
| 19:09 | Build | Farm |
| 19:12 | Build | Farm |
| 19:25 | Create | Warrior Priest |
| 19:33 | Create | Fishing Ship |
| 19:47 | Create | Villager (Male) |
| 20:04 | Build | Monastery |
| 20:07 | Create | Villager (Male) |
| 20:11 | Build | House |
| 20:16 | Create | Warrior Priest |
| 20:24 | Research | Forging |
| 21:06 | Research | Sanctity |
| 21:11 | Create | Villager (Male) |
| 21:11 | Create | Villager (Male) |
| 21:26 | Research | Fervor |
| 21:28 | Create | Villager (Male) |
| 21:29 | Create | Villager (Male) |
| 21:49 | Create | Villager (Male) |
| 21:57 | Create | Villager (Male) |
| 22:02 | Build | Mule Cart |
| 22:04 | Research | Bow Saw |
| 22:27 | Build | House |
| 22:30 | Build | House |
| 23:07 | Create | Warrior Priest |
| 23:07 | Create | Warrior Priest |
| 23:09 | Create | Villager (Male) |
| 23:15 | Build | Barracks |
| 23:25 | Create | Warrior Priest |
| 23:25 | Create | Warrior Priest |
| 23:26 | Create | Warrior Priest |
| 23:29 | Create | Warrior Priest |
| 23:32 | Build | Town Center |
| 23:36 | Research | Gold Shaft Mining |
Build order — N1K
125 actions detected in the replay
| 0:18 | Build | Town Center |
| 1:18 | Build | House |
| 1:21 | Build | Dock |
| 2:52 | Create | Villager (Male) |
| 2:52 | Create | Villager (Male) |
| 2:53 | Create | Villager (Male) |
| 2:53 | Create | Villager (Male) |
| 2:53 | Create | Villager (Male) |
| 3:09 | Create | Villager (Male) |
| 3:55 | Create | Fishing Ship |
| 4:26 | Create | Villager (Male) |
| 4:46 | Build | House |
| 5:08 | Create | Fishing Ship |
| 5:41 | Create | Villager (Male) |
| 5:52 | Create | Fishing Ship |
| 6:08 | Research | Loom |
| 6:08 | Create | Villager (Male) |
| 6:26 | Build | House |
| 6:31 | Create | Villager (Male) |
| 6:52 | Create | Villager (Male) |
| 7:06 | Create | Fishing Ship |
| 7:15 | Create | Villager (Male) |
| 7:47 | Build | House |
| 8:05 | Create | Villager (Male) |
| 8:06 | Create | Villager (Male) |
| 8:09 | Create | Fishing Ship |
| 8:27 | Create | Villager (Male) |
| 8:31 | Create | Villager (Male) |
| 8:46 | Create | Villager (Male) |
| 8:46 | Create | Villager (Male) |
| 8:46 | Create | Villager (Male) |
| 9:03 | Create | Villager (Male) |
| 9:10 | Build | Mill |
| 9:25 | Create | Villager (Male) |
| 9:35 | Build | House |
| 10:12 | Create | Villager (Male) |
| 10:13 | Create | Villager (Male) |
| 10:19 | Build | Mining Camp |
| 10:57 | Research | Feudal Age |
| 11:58 | Create | Villager (Male) |
| 12:04 | Build | House |
| 13:12 | Create | Villager (Male) |
| 13:22 | Age | Feudal Age |
| 13:24 | Build | Blacksmith |
| 13:33 | Build | Market |
| 13:58 | Build | Lumber Camp |
| 14:23 | Create | Villager (Male) |
| 14:26 | Research | Castle Age |
| 14:31 | Research | Horse Collar |
| 14:43 | Research | Double-Bit Axe |
| 14:46 | Create | Villager (Male) |
| 14:46 | Create | Villager (Male) |
| 17:06 | Age | Castle Age |
| 17:07 | Build | Monastery |
| 17:13 | Build | Town Center |
| 17:22 | Create | Villager (Male) |
| 17:37 | Create | Monk |
| 17:55 | Research | Bow Saw |
| 17:57 | Research | Heavy Plow |
| 18:02 | Create | Monk |
| 18:12 | Create | Villager (Male) |
| 18:29 | Create | Villager (Male) |
| 18:34 | Create | Villager (Male) |
| 18:35 | Create | Villager (Male) |
| 18:51 | Build | Farm |
| 18:57 | Build | Farm |
| 19:01 | Create | Villager (Male) |
| 19:02 | Create | Villager (Male) |
| 19:13 | Create | Villager (Male) |
| 19:31 | Build | Town Center |
| 19:35 | Create | Villager (Male) |
| 19:40 | Build | House |
| 19:47 | Research | Wheelbarrow |
| 19:48 | Create | Villager (Male) |
| 19:58 | Create | Villager (Male) |
| 20:01 | Build | Barracks |
| 20:03 | Build | House |
| 20:05 | Build | House |
| 20:10 | Build | Farm |
| 20:30 | Create | Villager (Male) |
| 20:33 | Build | Farm |
| 20:41 | Build | House |
| 20:43 | Build | Farm |
| 20:50 | Build | Farm |
| 20:54 | Create | Villager (Male) |
| 20:54 | Create | Villager (Male) |
| 20:57 | Build | Farm |
| 21:09 | Create | Villager (Male) |
| 21:10 | Create | Villager (Male) |
| 21:14 | Create | Villager (Male) |
| 21:18 | Build | Farm |
| 21:20 | Build | Farm |
| 21:24 | Create | Villager (Male) |
| 21:28 | Research | Hand Cart |
| 21:39 | Create | Villager (Male) |
| 21:40 | Create | Villager (Male) |
| 21:44 | Build | House |
| 21:47 | Create | Villager (Male) |
| 21:50 | Build | Farm |
| 21:54 | Build | Farm |
| 21:59 | Build | Farm |
| 22:06 | Create | Villager (Male) |
| 22:19 | Build | Farm |
| 22:23 | Build | Farm |
| 22:24 | Build | Farm |
| 22:25 | Build | Farm |
| 22:43 | Create | Villager (Male) |
| 22:43 | Create | Villager (Male) |
| 22:45 | Build | Farm |
| 22:48 | Build | Farm |
| 22:49 | Build | Farm |
| 22:53 | Create | Villager (Male) |
| 22:53 | Create | Villager (Male) |
| 23:02 | Build | Farm |
| 23:05 | Build | Farm |
| 23:07 | Build | Farm |
| 23:09 | Create | Villager (Male) |
| 23:09 | Create | Villager (Male) |
| 23:09 | Create | Villager (Male) |
| 23:20 | Build | Stable |
| 23:30 | Create | Villager (Male) |
| 23:31 | Create | Villager (Male) |
| 23:31 | Create | Villager (Male) |
| 23:36 | Build | Farm |
| 23:38 | Build | Farm |
Build order — 上善若水
First 150 of 155 actions detected
| 0:28 | Build | Town Center |
| 1:43 | Build | Dock |
| 1:46 | Build | House |
| 3:08 | Create | Villager (Male) |
| 3:08 | Create | Villager (Male) |
| 3:09 | Create | Villager (Male) |
| 3:09 | Create | Villager (Male) |
| 3:09 | Create | Villager (Male) |
| 3:11 | Research | Loom |
| 4:04 | Create | Fishing Ship |
| 4:04 | Create | Fishing Ship |
| 4:35 | Build | House |
| 4:43 | Build | House |
| 5:19 | Create | Villager (Male) |
| 5:19 | Create | Villager (Male) |
| 5:26 | Create | Fishing Ship |
| 5:26 | Create | Fishing Ship |
| 5:50 | Create | Villager (Male) |
| 5:50 | Create | Villager (Male) |
| 6:09 | Create | Villager (Male) |
| 6:09 | Create | Villager (Male) |
| 6:26 | Create | Villager (Male) |
| 6:27 | Create | Villager (Male) |
| 6:33 | Build | House |
| 6:41 | Create | Villager (Male) |
| 6:42 | Create | Villager (Male) |
| 7:00 | Create | Fishing Ship |
| 7:00 | Create | Fishing Ship |
| 7:22 | Build | House |
| 7:38 | Create | Villager (Male) |
| 7:38 | Create | Villager (Male) |
| 7:38 | Create | Villager (Male) |
| 7:58 | Create | Fishing Ship |
| 7:58 | Create | Fishing Ship |
| 8:05 | Build | House |
| 8:09 | Create | Villager (Male) |
| 8:09 | Create | Villager (Male) |
| 8:32 | Create | Fishing Ship |
| 8:32 | Create | Fishing Ship |
| 8:35 | Create | Villager (Male) |
| 8:36 | Create | Villager (Male) |
| 9:02 | Create | Fishing Ship |
| 9:02 | Create | Fishing Ship |
| 9:19 | Create | Villager (Male) |
| 9:19 | Create | Villager (Male) |
| 9:40 | Create | Villager (Male) |
| 9:41 | Create | Villager (Male) |
| 9:41 | Create | Villager (Male) |
| 9:41 | Create | Villager (Male) |
| 9:50 | Create | Fishing Ship |
| 9:50 | Create | Fishing Ship |
| 9:51 | Create | Fishing Ship |
| 9:59 | Build | House |
| 10:08 | Create | Villager (Male) |
| 10:08 | Create | Villager (Male) |
| 10:52 | Build | Lumber Camp |
| 10:58 | Create | Villager (Male) |
| 10:58 | Create | Villager (Male) |
| 10:59 | Create | Villager (Male) |
| 10:59 | Create | Villager (Male) |
| 11:30 | Build | Mining Camp |
| 11:38 | Create | Fishing Ship |
| 12:13 | Build | Dock |
| 12:29 | Build | House |
| 12:39 | Research | Feudal Age |
| 12:39 | Research | Feudal Age |
| 12:39 | Research | Feudal Age |
| 13:11 | Build | Mill |
| 13:43 | Create | Fishing Ship |
| 13:43 | Create | Fishing Ship |
| 14:08 | Create | Villager (Male) |
| 14:16 | Build | Barracks |
| 14:21 | Create | Villager (Male) |
| 14:49 | Age | Feudal Age |
| 14:56 | Build | Blacksmith |
| 15:17 | Build | Stable |
| 15:38 | Create | Demolition Raft |
| 15:43 | Create | Fishing Ship |
| 15:52 | Research | Double-Bit Axe |
| 15:52 | Research | Double-Bit Axe |
| 16:01 | Build | House |
| 16:03 | Build | House |
| 16:07 | Research | Castle Age |
| 16:08 | Research | Castle Age |
| 16:31 | Build | Stable |
| 16:40 | Research | Scale Barding Armor |
| 16:40 | Research | Scale Barding Armor |
| 16:55 | Research | Tech 906 |
| 17:25 | Build | Stable |
| 17:37 | Build | House |
| 18:12 | Research | Wheelbarrow |
| 18:47 | Age | Castle Age |
| 18:50 | Create | Knight |
| 18:51 | Create | Knight |
| 18:51 | Create | Knight |
| 18:51 | Create | Knight |
| 18:52 | Create | Knight |
| 18:53 | Create | Knight |
| 18:54 | Create | Knight |
| 18:56 | Research | Husbandry |
| 18:57 | Research | Husbandry |
| 19:03 | Build | Town Center |
| 19:11 | Create | Villager (Male) |
| 19:35 | Research | Bow Saw |
| 19:35 | Research | Bow Saw |
| 19:46 | Create | Knight |
| 19:46 | Create | Knight |
| 19:46 | Create | Knight |
| 20:12 | Create | Villager (Male) |
| 20:12 | Create | Villager (Male) |
| 20:12 | Create | Villager (Male) |
| 20:29 | Build | Town Center |
| 21:10 | Create | Knight |
| 21:10 | Create | Knight |
| 21:10 | Create | Knight |
| 21:13 | Create | Villager (Male) |
| 21:14 | Create | Villager (Male) |
| 21:14 | Create | Villager (Male) |
| 21:14 | Create | Villager (Male) |
| 21:14 | Create | Villager (Male) |
| 21:15 | Create | Villager (Male) |
| 21:15 | Create | Villager (Male) |
| 21:15 | Create | Villager (Male) |
| 21:43 | Build | Monastery |
| 22:17 | Create | Villager (Male) |
| 22:17 | Create | Villager (Male) |
| 22:18 | Create | Villager (Male) |
| 22:18 | Create | Villager (Male) |
| 22:18 | Create | Villager (Male) |
| 22:22 | Create | Villager (Male) |
| 22:24 | Build | Farm |
| 22:25 | Build | Farm |
| 22:26 | Build | Farm |
| 22:34 | Create | Monk |
| 22:34 | Create | Monk |
| 22:42 | Create | Villager (Male) |
| 22:45 | Create | Knight |
| 22:46 | Create | Knight |
| 22:53 | Create | Villager (Male) |
| 22:53 | Create | Villager (Male) |
| 22:54 | Build | Farm |
| 23:00 | Create | Villager (Male) |
| 23:00 | Create | Villager (Male) |
| 23:21 | Create | Monk |
| 23:21 | Create | Monk |
| 23:23 | Build | Outpost |
| 23:30 | Create | Knight |
| 23:31 | Create | Knight |
| 23:32 | Create | Villager (Male) |
| 23:32 | Create | Villager (Male) |
Build order — 上帝之鞭
97 actions detected in the replay
| 0:22 | Build | House |
| 0:23 | Build | House |
| 0:45 | Build | Town Center |
| 2:37 | Build | Dock |
| 3:02 | Create | Villager (Male) ×4 |
| 3:02 | Create | Villager (Male) ×4 |
| 4:11 | Create | Villager (Male) |
| 4:11 | Create | Villager (Male) |
| 4:12 | Create | Villager (Male) |
| 4:54 | Create | Villager (Male) |
| 4:55 | Create | Villager (Male) |
| 5:29 | Create | Villager (Male) ×2 |
| 5:29 | Create | Villager (Male) ×2 |
| 5:30 | Create | Villager (Male) |
| 6:37 | Create | Villager (Male) |
| 6:38 | Create | Villager (Male) |
| 6:38 | Create | Villager (Male) |
| 6:38 | Create | Villager (Male) |
| 6:38 | Create | Villager (Male) |
| 6:55 | Build | House |
| 6:57 | Build | Palisade Wall |
| 7:11 | Create | Villager (Male) |
| 7:11 | Create | Villager (Male) |
| 7:12 | Create | Villager (Male) |
| 7:12 | Create | Villager (Male) |
| 7:40 | Create | Villager (Male) |
| 7:40 | Create | Villager (Male) |
| 8:00 | Create | Fishing Ship |
| 8:27 | Build | House |
| 8:57 | Create | Villager (Male) |
| 9:07 | Build | Mill |
| 9:42 | Create | Villager (Male) |
| 9:48 | Create | Fishing Ship |
| 10:15 | Create | Villager (Male) |
| 10:38 | Create | Fishing Ship |
| 10:48 | Create | Villager (Male) |
| 11:02 | Create | Villager (Male) |
| 11:07 | Create | Fishing Ship |
| 11:26 | Build | House |
| 11:30 | Research | Loom |
| 11:41 | Research | Feudal Age |
| 11:53 | Build | Palisade Wall |
| 12:07 | Build | Dock |
| 12:28 | Build | House |
| 12:34 | Create | Villager (Male) |
| 12:34 | Create | Villager (Male) |
| 13:06 | Build | House |
| 14:05 | Age | Feudal Age |
| 14:07 | Build | Blacksmith |
| 14:13 | Build | Market |
| 14:25 | Build | House |
| 14:52 | Create | Villager (Male) |
| 15:22 | Create | Villager (Male) |
| 15:26 | Build | Mining Camp |
| 15:58 | Research | Castle Age |
| 16:11 | Build | Lumber Camp |
| 16:40 | Create | Fishing Ship |
| 16:52 | Research | Double-Bit Axe |
| 16:52 | Research | Double-Bit Axe |
| 17:00 | Create | Villager (Male) |
| 17:25 | Create | Fishing Ship |
| 17:46 | Create | Fishing Ship |
| 17:52 | Research | Tech 906 |
| 18:03 | Create | Fishing Ship |
| 18:03 | Create | Fishing Ship |
| 18:06 | Create | Villager (Male) |
| 18:38 | Age | Castle Age |
| 18:41 | Build | Castle |
| 19:03 | Build | House |
| 19:05 | Build | Palisade Gate |
| 19:09 | Build | Palisade Wall |
| 19:15 | Create | Villager (Male) |
| 19:19 | Create | Fishing Ship |
| 19:36 | Create | Villager (Male) |
| 19:42 | Create | War Wagon |
| 20:18 | Build | Barracks |
| 20:24 | Build | Siege Workshop |
| 20:32 | Create | Villager (Male) |
| 20:33 | Create | War Wagon |
| 21:00 | Create | Villager (Male) |
| 21:01 | Create | Villager (Male) |
| 21:01 | Create | Villager (Male) |
| 21:23 | Create | Iron Pagoda |
| 21:28 | Build | House |
| 21:33 | Build | Stone Wall |
| 21:36 | Build | Gate |
| 21:39 | Build | Stone Wall |
| 21:42 | Build | Stone Wall |
| 21:49 | Create | Villager (Male) |
| 21:50 | Create | Villager (Male) |
| 22:01 | Build | Town Center |
| 22:10 | Build | Stone Wall |
| 22:21 | Create | War Wagon |
| 22:23 | Create | Villager (Male) |
| 22:44 | Create | War Wagon |
| 22:57 | Create | Villager (Male) |
| 23:24 | Build | Lumber Camp |
Build order — alumin
122 actions detected in the replay
| 0:20 | Build | Town Center |
| 0:54 | Build | House |
| 1:30 | Build | Dock |
| 2:03 | Build | Palisade Wall |
| 2:04 | Build | Palisade Wall |
| 2:48 | Create | Villager (Male) |
| 2:48 | Create | Villager (Male) |
| 3:15 | Create | Villager (Male) |
| 3:15 | Create | Villager (Male) |
| 3:46 | Create | Fishing Ship |
| 3:46 | Create | Fishing Ship |
| 4:06 | Create | Villager (Male) |
| 4:36 | Build | House |
| 4:52 | Create | Villager (Male) |
| 5:09 | Create | Villager (Male) |
| 5:10 | Create | Villager (Male) |
| 5:39 | Create | Villager (Male) |
| 5:39 | Create | Villager (Male) |
| 5:49 | Create | Fishing Ship |
| 5:50 | Create | Fishing Ship |
| 6:14 | Create | Villager (Male) |
| 6:14 | Create | Villager (Male) |
| 6:27 | Build | House |
| 6:40 | Create | Villager (Male) |
| 6:40 | Create | Villager (Male) |
| 6:59 | Build | House |
| 7:02 | Create | Villager (Male) |
| 7:02 | Create | Villager (Male) |
| 7:19 | Create | Fishing Ship |
| 7:19 | Create | Fishing Ship |
| 7:38 | Create | Villager (Male) |
| 7:58 | Create | Fishing Ship |
| 7:58 | Create | Fishing Ship |
| 8:14 | Create | Villager (Male) |
| 8:15 | Create | Villager (Male) |
| 8:25 | Build | House |
| 8:50 | Create | Fishing Ship |
| 8:51 | Create | Fishing Ship |
| 9:06 | Create | Villager (Male) |
| 9:07 | Create | Villager (Male) |
| 9:07 | Create | Villager (Male) |
| 9:26 | Create | Fishing Ship |
| 9:54 | Build | Mill |
| 10:01 | Create | Villager (Male) |
| 10:17 | Create | Fishing Ship |
| 10:25 | Build | House |
| 10:52 | Research | Feudal Age |
| 10:55 | Build | House |
| 11:27 | Build | Dock |
| 12:32 | Create | Villager (Male) |
| 13:02 | Age | Feudal Age |
| 13:05 | Build | Market |
| 13:11 | Build | Blacksmith |
| 13:21 | Create | Villager (Male) |
| 13:29 | Build | House |
| 13:31 | Build | House |
| 13:33 | Build | House |
| 13:41 | Build | Lumber Camp |
| 13:55 | Research | Castle Age |
| 13:55 | Research | Castle Age |
| 14:08 | Build | Mining Camp |
| 14:22 | Build | Palisade Wall |
| 14:26 | Build | Palisade Gate |
| 14:42 | Build | Palisade Wall |
| 14:51 | Research | Double-Bit Axe |
| 15:23 | Create | Unit 2626 |
| 16:35 | Age | Castle Age |
| 16:37 | Create | Villager (Male) |
| 16:46 | Research | Bow Saw |
| 16:56 | Build | Castle |
| 17:01 | Create | Villager (Male) |
| 17:22 | Create | Villager (Male) |
| 17:40 | Create | Villager (Male) |
| 17:47 | Create | Conquistador |
| 18:07 | Create | Conquistador |
| 18:14 | Create | Villager (Male) |
| 18:19 | Create | Conquistador |
| 18:37 | Create | Unit 2626 |
| 18:40 | Create | Villager (Male) |
| 18:55 | Create | Conquistador |
| 19:00 | Build | Town Center |
| 19:05 | Create | Villager (Male) |
| 19:20 | Create | Villager (Male) |
| 19:31 | Create | Villager (Male) |
| 19:33 | Create | Conquistador |
| 19:50 | Create | Villager (Male) |
| 20:05 | Create | Villager (Male) |
| 20:06 | Create | Villager (Male) |
| 20:10 | Build | Farm |
| 20:12 | Build | Farm |
| 20:12 | Build | Farm |
| 20:18 | Research | Horse Collar |
| 20:20 | Create | Villager (Male) |
| 20:25 | Build | Farm |
| 20:26 | Build | Farm |
| 20:28 | Build | Farm |
| 20:32 | Build | Farm |
| 20:32 | Build | Farm |
| 20:33 | Build | Farm |
| 20:33 | Build | Farm |
| 20:33 | Build | Farm |
| 20:35 | Create | Villager (Male) |
| 20:48 | Create | Villager (Male) |
| 20:54 | Build | House |
| 21:17 | Create | Villager (Male) |
| 21:19 | Create | Villager (Male) |
| 21:25 | Build | Siege Workshop |
| 21:26 | Create | Conquistador |
| 21:39 | Create | Villager (Male) |
| 21:40 | Create | Conquistador |
| 22:12 | Create | Mangonel |
| 22:13 | Build | House |
| 22:19 | Create | Villager (Male) |
| 22:20 | Create | Villager (Male) |
| 22:21 | Create | Villager (Male) |
| 22:35 | Research | Heavy Plow |
| 22:39 | Create | Fishing Ship |
| 23:01 | Create | Villager (Male) |
| 23:05 | Build | House |
| 23:23 | Create | Villager (Male) |
| 23:24 | Research | Loom |
| 23:30 | Build | House |
Build order — 打到台北去 活捉赖清德
95 actions detected in the replay
| 0:56 | Build | Town Center |
| 2:15 | Build | House |
| 2:16 | Build | House |
| 3:31 | Create | Villager (Male) |
| 3:32 | Create | Villager (Male) |
| 3:32 | Create | Villager (Male) |
| 3:32 | Create | Villager (Male) |
| 3:32 | Create | Villager (Male) |
| 3:38 | Build | House |
| 3:39 | Build | House |
| 4:39 | Create | Villager (Male) |
| 4:40 | Create | Villager (Male) |
| 5:25 | Create | Villager (Male) |
| 5:25 | Create | Villager (Male) |
| 5:41 | Create | Villager (Male) |
| 5:41 | Create | Villager (Male) |
| 6:11 | Create | Villager (Male) |
| 6:21 | Build | Mill |
| 6:53 | Create | Villager (Male) |
| 6:53 | Create | Villager (Male) |
| 7:25 | Create | Villager (Male) |
| 7:25 | Create | Villager (Male) |
| 7:25 | Create | Villager (Male) |
| 7:59 | Create | Villager (Male) |
| 7:59 | Create | Villager (Male) |
| 8:27 | Create | Villager (Male) |
| 8:27 | Create | Villager (Male) |
| 8:31 | Research | Loom |
| 9:04 | Create | Villager (Male) |
| 9:04 | Create | Villager (Male) |
| 9:05 | Create | Villager (Male) |
| 9:05 | Create | Villager (Male) |
| 9:06 | Create | Villager (Male) |
| 9:06 | Create | Villager (Male) |
| 9:41 | Create | Villager (Male) |
| 9:41 | Create | Villager (Male) |
| 9:58 | Create | Villager (Male) |
| 9:58 | Create | Villager (Male) |
| 10:44 | Build | Mill |
| 10:50 | Create | Villager (Male) |
| 11:45 | Build | Lumber Camp |
| 12:31 | Research | Feudal Age |
| 13:26 | Build | Dock |
| 13:39 | Build | House |
| 13:40 | Build | House |
| 14:16 | Build | Barracks |
| 14:19 | Build | House |
| 14:33 | Build | House |
| 14:40 | Build | House |
| 14:47 | Age | Feudal Age |
| 14:54 | Create | Villager (Male) |
| 14:54 | Create | Villager (Male) |
| 14:58 | Research | Double-Bit Axe |
| 15:42 | Create | Villager (Male) |
| 15:54 | Build | Stable |
| 16:08 | Create | Villager (Male) |
| 16:16 | Build | Mill |
| 16:40 | Build | House |
| 16:42 | Build | House |
| 16:51 | Create | Fishing Ship |
| 16:51 | Create | Fishing Ship |
| 16:54 | Create | Villager (Male) |
| 17:17 | Build | Mining Camp |
| 17:22 | Create | Villager (Male) |
| 17:27 | Create | Fishing Ship |
| 17:27 | Create | Fishing Ship |
| 18:07 | Build | Farm |
| 18:08 | Build | Farm |
| 18:09 | Build | Farm |
| 18:12 | Build | Farm |
| 18:15 | Build | Farm |
| 18:31 | Build | Farm |
| 18:36 | Create | Villager (Male) |
| 18:49 | Create | Fishing Ship |
| 19:10 | Build | Blacksmith |
| 19:23 | Create | Villager (Male) |
| 19:27 | Research | Wheelbarrow |
| 19:46 | Create | Fishing Ship |
| 19:47 | Create | Fishing Ship |
| 20:02 | Build | Stone Wall |
| 20:43 | Research | Castle Age |
| 20:49 | Build | Barracks |
| 21:21 | Create | Spearman |
| 21:21 | Create | Spearman |
| 21:22 | Create | Spearman |
| 21:52 | Create | Spearman |
| 22:00 | Create | Spearman |
| 22:18 | Create | Spearman |
| 22:24 | Build | Barracks |
| 22:54 | Create | Spearman |
| 23:00 | Create | Villager (Male) |
| 23:06 | Create | Transport Ship |
| 23:15 | Create | Spearman |
| 23:15 | Create | Spearman |
| 23:23 | Age | Castle Age |
Match timeline
| 0:38 | [DOV] The_GothFather · first_building Dock |
| 0:49 | Signal&Command to me=mute&report · first_building Dock |
| 0:59 | Signal&Command to me=mute&report · wall_segment Palisade Wall x1 |
| 1:03 | Signal&Command to me=mute&report · wall_segment Palisade Wall x1 |
| 1:17 | 中國古拳法 · first_building Dock |
| 1:21 | N1K · first_building Dock |
| 1:30 | alumin · first_building Dock |
| 1:43 | 上善若水 · first_building Dock |
| 2:03 | alumin · wall_segment Palisade Wall x1 |
| 2:04 | alumin · wall_segment Palisade Wall x1 |
| 2:32 | Signal&Command to me=mute&report · wall_segment Palisade Wall x1 |
| 2:37 | 上帝之鞭 · first_building Dock |
| 6:57 | 上帝之鞭 · wall_segment Palisade Wall x12 |
| 8:08 | 中國古拳法 · wall_segment Palisade Wall x6 |
| 8:34 | 中國古拳法 · wall_segment Palisade Wall x6 |
| 9:02 | 中國古拳法 · wall_segment Palisade Wall x1 |
| 9:03 | 中國古拳法 · wall_segment Palisade Wall x1 |
| 10:06 | 中國古拳法 · wall_segment Palisade Wall x7 |
| 10:51 | 中國古拳法 · wall_segment Palisade Wall x6 |
| 11:53 | 上帝之鞭 · wall_segment Palisade Wall x7 |
| 12:19 | [DOV] The_GothFather · age_up feudal |
| 12:21 | [DOV] The_GothFather · wall_segment Stone Wall x1 |
| 13:02 | alumin · age_up feudal |
| 13:22 | N1K · age_up feudal |
| 13:26 | 打到台北去 活捉赖清德 · first_building Dock |
| 14:05 | 上帝之鞭 · age_up feudal |
| 14:06 | 中國古拳法 · age_up feudal |
| 14:16 | 上善若水 · first_building Barracks |
| 14:16 | 打到台北去 活捉赖清德 · first_building Barracks |
| 14:22 | alumin · wall_segment Palisade Wall x5 |
| 14:42 | alumin · wall_segment Palisade Wall x9 |
| 14:47 | 打到台北去 活捉赖清德 · age_up feudal |
| 14:49 | 上善若水 · age_up feudal |
| 14:57 | Signal&Command to me=mute&report · age_up feudal |
| 15:17 | 上善若水 · first_building Stable |
| 15:22 | 中國古拳法 · first_building Barracks |
| 15:54 | 打到台北去 活捉赖清德 · first_building Stable |
| 15:56 | 上帝之鞭 · first_market_buy 100 food |
| 16:10 | alumin · first_market_buy 100 stone |
| 16:25 | 中國古拳法 · first_building Archery Range |
| 16:32 | Signal&Command to me=mute&report · first_building Barracks |
| 16:35 | alumin · age_up castle |
| 16:40 | [DOV] The_GothFather · age_up castle |
| 16:42 | [DOV] The_GothFather · first_building Monastery |
| 16:56 | alumin · first_building Castle |
| 17:06 | N1K · age_up castle |
| 17:07 | N1K · first_building Monastery |
| 17:08 | Signal&Command to me=mute&report · first_market_buy 100 food |
| 17:22 | [DOV] The_GothFather · first_market_buy 100 food |
| 17:32 | Signal&Command to me=mute&report · first_building Archery Range |
| 18:21 | 中國古拳法 · age_up castle |
| 18:38 | 上帝之鞭 · age_up castle |
| 18:40 | Signal&Command to me=mute&report · age_up castle |
| 18:41 | 上帝之鞭 · first_building Castle |
| 18:47 | 上善若水 · age_up castle |
| 19:09 | 上帝之鞭 · wall_segment Palisade Wall x1 |
| 19:32 | Signal&Command to me=mute&report · first_market_sell 100 wood |
| 20:01 | N1K · first_building Barracks |
| 20:02 | 打到台北去 活捉赖清德 · wall_segment Stone Wall x14 |
| 20:18 | 上帝之鞭 · first_building Barracks |
| 20:24 | 上帝之鞭 · first_building Siege Workshop |
| 20:50 | 中國古拳法 · first_building Siege Workshop |
| 21:25 | alumin · first_building Siege Workshop |
| 21:33 | 上帝之鞭 · wall_segment Stone Wall x1 |
| 21:39 | 上帝之鞭 · wall_segment Stone Wall x3 |
| 21:42 | 上帝之鞭 · wall_segment Stone Wall x6 |
| 21:43 | 上善若水 · first_building Monastery |
| 22:06 | Signal&Command to me=mute&report · resign |
| 22:10 | 上帝之鞭 · wall_segment Stone Wall x11 |
| 23:15 | [DOV] The_GothFather · first_building Barracks |
| 23:20 | N1K · first_building Stable |
| 23:23 | 打到台北去 活捉赖清德 · age_up castle |
[ AI ANALYSIS · 1 CREDIT ]
What really happened in this match?
Wolo.gg analyzes every decision: build order, eco, micro, common mistakes by bracket. Personalized analysis on WhatsApp or Discord in 30 seconds.
Civ guide
Saracens
Perfil
Signal&Command to me=mute&report